AAA
MEMPHIS RAILCATS @ RENO RAILERS
07/14/2060
 
TOP OF THE 1ST
Memphis Railcats batting - Pitching for Reno Railers : RHP Trae Onyebuchi
Pitching: RHP Trae Onyebuchi
Batting: RHB Theodore Ross 0-0: Ball
1-0: SINGLE (Line Drive, 78M, EV 98.8 MPH)
Batting: SHB Darren Lane 0-0: Ball
Pickoff Throw to First - Out! 1-3
1-0: Swinging Strike
1-1: Fly out, F8 (Flyball, 8RM, EV 97.5 MPH)
Batting: RHB Kristian LeDoux 0-0: Called Strike
0-1: Ball
1-1: Ball
2-1: Swinging Strike
2-2: Ball
3-2: Foul Ball, location: 2F
3-2: Foul Ball, location: 2F
3-2: Foul Ball, location: 2F
3-2: Ground out 6-3 (Groundball, 6, EV 86.9 MPH)
Top of the 1st over - 0 runs, 1 hit, 0 errors, 0 left on base; Memphis 0 - Reno 0
BOTTOM OF THE 1ST
Reno Railers batting - Pitching for Memphis Railcats : RHP Cain Ruybal
Pitching: RHP Cain Ruybal
Batting: RHB Braedon Pashikian 0-0: Ball
1-0: Ball
2-0: Ground out 6-3 (Groundball, 6M, EV 88.8 MPH)
Batting: RHB Donald Stringer 0-0: SINGLE (Groundball, 4MD, EV 98.8 MPH)
Batting: RHB Harry Fischer 0-0: Called Strike
Donald Stringer is caught stealing 2nd base 2-4
0-1: SINGLE (Line Drive, 78S, EV 92.5 MPH)
Batting: RHB Lucas Sampley 0-0: Ball
1-0: Ball
2-0: Called Strike
2-1: Ball
3-1: Base on Balls
Harry Fischer to second
Batting: RHB Brian Lemon 0-0: Swinging Strike
0-1: Foul Ball, location: 2F
0-2: Ball
1-2: Foul Ball, location: 2F
1-2: Strikes out looking
Bottom of the 1st over - 0 runs, 2 hits, 0 errors, 2 left on base; Memphis 0 - Reno 0
TOP OF THE 2ND
Memphis Railcats batting - Pitching for Reno Railers : RHP Trae Onyebuchi
Batting: RHB Vinny Wetherington 0-0: Fly out, F8 (Line Drive, 8LD, EV 97.5 MPH)
Batting: RHB Shane Campbell 0-0: Ball
1-0: Ball
2-0: SOLO HOME RUN (Line Drive, 7D, EV 98.8 MPH), Distance : 388 ft
Batting: RHB Ashby Ellis 0-0: Ball
1-0: Foul Ball, location: 2F
1-1: Ball
2-1: Fly out, F8 (Line Drive, 8LM, EV 103.1 MPH)
Batting: RHB Deshazor Velasquez 0-0: Swinging Strike
0-1: Foul Ball, location: 2F
0-2: Ball
1-2: Strikes out looking
Top of the 2nd over - 1 run, 1 hit, 0 errors, 0 left on base; Memphis 1 - Reno 0
BOTTOM OF THE 2ND
Reno Railers batting - Pitching for Memphis Railcats : RHP Cain Ruybal
Batting: LHB Waylon Spada 0-0: Foul Ball, location: 2F
0-1: Foul Ball, location: 2F
0-2: Ball
1-2: Strikes out swinging
Batting: SHB Eli Hughes 0-0: Called Strike
0-1: Ball
1-1: Ground out 4-3 (Groundball, 4S, EV 84.4 MPH)
Batting: RHB James Scarbrough 0-0: Called Strike
0-1: Foul Ball, location: 2F
0-2: Ball
1-2: Ball
2-2: Ground out 4-3 (Groundball, 34D, EV 104.4 MPH)
Bottom of the 2nd over - 0 runs, 0 hits, 0 errors, 0 left on base; Memphis 1 - Reno 0
TOP OF THE 3RD
Memphis Railcats batting - Pitching for Reno Railers : RHP Trae Onyebuchi
Batting: RHB Brendon Slagle 0-0: Ball
1-0: Ball
2-0: Foul Ball, location: 2F
2-1: Called Strike
2-2: Strikes out swinging
Batting: RHB Garry Akoniia 0-0: Foul Ball, location: 2F
0-1: Swinging Strike
0-2: Ball
1-2: Ball
2-2: Ball
3-2: Strikes out looking
Batting: RHB Theodore Ross 0-0: Ball
1-0: Swinging Strike
1-1: Ground out 5-3 (Groundball, 56, EV 86.2 MPH)
Top of the 3rd over - 0 runs, 0 hits, 0 errors, 0 left on base; Memphis 1 - Reno 0
BOTTOM OF THE 3RD
Reno Railers batting - Pitching for Memphis Railcats : RHP Cain Ruybal
Batting: LHB Jon Dutton 0-0: Foul Ball, location: 2F
0-1: Ball
1-1: Swinging Strike
1-2: Ball
2-2: Ball
3-2: Strikes out swinging
Batting: RHB Braedon Pashikian 0-0: Ground out 5-3 (Groundball, 56, EV 88.1 MPH)
Batting: RHB Donald Stringer 0-0: Called Strike
0-1: Ball
1-1: Fly out, F4 (Popup, 4S, EV 73.1 MPH)
Bottom of the 3rd over - 0 runs, 0 hits, 0 errors, 0 left on base; Memphis 1 - Reno 0
TOP OF THE 4TH
Memphis Railcats batting - Pitching for Reno Railers : RHP Trae Onyebuchi
Batting: SHB Darren Lane 0-0: Ball
1-0: Swinging Strike
1-1: Ball
2-1: Called Strike
2-2: Ball
3-2: Strikes out swinging
Batting: RHB Kristian LeDoux 0-0: Ball
1-0: Called Strike
1-1: Called Strike
1-2: Ball
2-2: Ball
3-2: SINGLE (Groundball, 34D, EV 100.0 MPH)
Batting: RHB Vinny Wetherington 0-0: Ball
Kristian LeDoux steals 2nd base
1-0: Foul Ball, location: 2F
1-1: SINGLE (Line Drive, 7S, EV 92.5 MPH)
Kristian LeDoux to third
Batting: RHB Shane Campbell 0-0: Ball
1-0: SINGLE (Line Drive, 78S, EV 100.0 MPH)
Kristian LeDoux scores
Vinny Wetherington to second
Batting: RHB Ashby Ellis 0-0: SINGLE (Groundball, 6MD, EV 103.1 MPH)
Vinny Wetherington to third
Shane Campbell to second
Batting: RHB Deshazor Velasquez 0-0: Called Strike
0-1: Foul Ball, location: 2F
0-2: Ball
1-2: Fly out, F6 (Popup, 6, EV 66.9 MPH)
Batting: RHB Brendon Slagle 0-0: Called Strike
0-1: Foul Ball, location: 2F
0-2: Strikes out swinging
Top of the 4th over - 1 run, 4 hits, 0 errors, 3 left on base; Memphis 2 - Reno 0
BOTTOM OF THE 4TH
Reno Railers batting - Pitching for Memphis Railcats : RHP Cain Ruybal
Batting: RHB Harry Fischer 0-0: Ball
1-0: Ball
2-0: Called Strike
2-1: Ball
3-1: Foul Ball, location: 2F
3-2: Ground out U3 (Groundball, 34, EV 108.1 MPH)
Batting: RHB Lucas Sampley 0-0: Called Strike
0-1: Swinging Strike
0-2: Foul Ball, location: 2F
0-2: Fly out, F7 (Flyball, 7S, EV 94.4 MPH)
Batting: RHB Brian Lemon 0-0: Ball
1-0: Swinging Strike
1-1: Ball
2-1: Fly out, F8 (Line Drive, 8RD, EV 96.9 MPH)
Bottom of the 4th over - 0 runs, 0 hits, 0 errors, 0 left on base; Memphis 2 - Reno 0
TOP OF THE 5TH
Memphis Railcats batting - Pitching for Reno Railers : RHP Trae Onyebuchi
Batting: RHB Garry Akoniia 0-0: Called Strike
0-1: Ball
1-1: Ball
2-1: Called Strike
2-2: Strikes out looking
Batting: RHB Theodore Ross 0-0: Foul Ball, location: 2F
0-1: Ball
1-1: Ground out 3-1 (Groundball, 34, EV 91.2 MPH)
Batting: SHB Darren Lane 0-0: Ball
1-0: Ball
2-0: Swinging Strike
2-1: Ball
3-1: Foul Ball, location: 2F
3-2: Base on Balls
Batting: RHB Kristian LeDoux 0-0: Ball
1-0: Called Strike
1-1: Foul Ball, location: 2F
1-2: SINGLE (Flyball, 9S, EV 95.0 MPH)
Darren Lane to second
Batting: RHB Vinny Wetherington 0-0: Fly out, F7 (Flyball, 78M, EV 88.8 MPH)
Top of the 5th over - 0 runs, 1 hit, 0 errors, 2 left on base; Memphis 2 - Reno 0
BOTTOM OF THE 5TH
Reno Railers batting - Pitching for Memphis Railcats : RHP Cain Ruybal
Batting: LHB Waylon Spada 0-0: Foul Ball, location: 2F
0-1: Foul Ball, location: 2F
0-2: Ball
1-2: Strikes out swinging
Batting: SHB Eli Hughes 0-0: Ball
1-0: Foul Ball, location: 2F
1-1: Ball
2-1: Ball
3-1: Called Strike
3-2: Ground out 5-3 (Groundball, 56S, EV 77.5 MPH)
Batting: RHB James Scarbrough 0-0: Foul Ball, location: 2F
0-1: Ball
1-1: Foul Ball, location: 2F
1-2: Strikes out looking
Bottom of the 5th over - 0 runs, 0 hits, 0 errors, 0 left on base; Memphis 2 - Reno 0
TOP OF THE 6TH
Memphis Railcats batting - Pitching for Reno Railers : RHP Trae Onyebuchi
Batting: RHB Shane Campbell 0-0: Ball
1-0: Ball
2-0: Ball
3-0: Base on Balls
Batting: RHB Ashby Ellis 0-0: Foul Ball, location: 2F
0-1: Swinging Strike
0-2: Ball
1-2: Strikes out looking
Batting: RHB Deshazor Velasquez 0-0: Called Strike
0-1: Ball
1-1: Ball
2-1: Swinging Strike
2-2: Foul Ball, location: 2F
2-2: Strikes out looking
Batting: RHB Brendon Slagle 0-0: Called Strike
0-1: Called Strike
0-2: Ball
1-2: Foul Ball, location: 2F
1-2: Ball
2-2: Ball
3-2: Base on Balls
Shane Campbell to second
Batting: RHB Garry Akoniia 0-0: Foul Ball, location: 2F
0-1: TRIPLE (Line Drive, 78XD, EV 100.6 MPH)
Shane Campbell scores
Brendon Slagle scores
Batting: RHB Theodore Ross 0-0: Ball
1-0: Ball
2-0: Swinging Strike
2-1: Foul Ball, location: 2F
2-2: Strikes out swinging
Top of the 6th over - 2 runs, 1 hit, 0 errors, 1 left on base; Memphis 4 - Reno 0
BOTTOM OF THE 6TH
Reno Railers batting - Pitching for Memphis Railcats : RHP Cain Ruybal
Batting: LHB Jon Dutton 0-0: Swinging Strike
0-1: Ball
1-1: Foul Ball, location: 2F
1-2: Strikes out swinging
Batting: RHB Braedon Pashikian 0-0: Ball
1-0: Foul Ball, location: 2F
1-1: Ball
2-1: Fly out, F9 (Line Drive, 9, EV 83.1 MPH)
Batting: RHB Donald Stringer 0-0: Ball
1-0: Called Strike
1-1: Called Strike
1-2: Strikes out swinging
Bottom of the 6th over - 0 runs, 0 hits, 0 errors, 0 left on base; Memphis 4 - Reno 0
TOP OF THE 7TH
Memphis Railcats batting - Pitching for Reno Railers : RHP Trae Onyebuchi
Batting: SHB Darren Lane 0-0: Ball
1-0: Swinging Strike
1-1: Ball
2-1: Ball
3-1: Called Strike
3-2: Base on Balls
Batting: RHB Kristian LeDoux 0-0: Ball
1-0: Ball
2-0: Foul Ball, location: 2F
2-1: Ball
3-1: Base on Balls
Darren Lane to second
Pitching: RHP Deshawn Gilmore
Batting: RHB Vinny Wetherington 0-0: Ball
1-0: Swinging Strike
1-1: Ball
2-1: Ball
3-1: Base on Balls
Darren Lane to third
Kristian LeDoux to second
Batting: RHB Shane Campbell 0-0: Foul Ball, location: 2F
0-1: Ball
1-1: Foul Ball, location: 2F
1-2: Fly out, F8 (Flyball, 8RM, EV 94.4 MPH)
Runner from 3rd tags up, SCORES, throw by CF
Batting: RHB Ashby Ellis 0-0: Called Strike
0-1: Fly out, F8 (Flyball, 8RXD, EV 90.0 MPH)
Runner from 2nd tags up, SAFE at 3rd, no throw by CF
Batting: RHB Deshazor Velasquez 0-0: Ball
1-0: Ball
2-0: Ball
3-0: Called Strike
3-1: Base on Balls
Vinny Wetherington to second
Batting: RHB Brendon Slagle 0-0: Ball
1-0: Ball
2-0: Called Strike
2-1: Called Strike
2-2: Ball
3-2: Strikes out swinging
Top of the 7th over - 1 run, 0 hits, 0 errors, 3 left on base; Memphis 5 - Reno 0
BOTTOM OF THE 7TH
Reno Railers batting - Pitching for Memphis Railcats : RHP Cain Ruybal
Batting: RHB Harry Fischer 0-0: Called Strike
0-1: Ball
1-1: Ball
2-1: Ball
3-1: SINGLE (Flyball, 4MD, EV 85.6 MPH)
Batting: RHB Lucas Sampley 0-0: Ball
1-0: Foul Ball, location: 2F
1-1: Hit by Pitch
Harry Fischer to second
Batting: RHB Brian Lemon 0-0: Swinging Strike
0-1: Called Strike
0-2: Strikes out looking
Batting: LHB Waylon Spada 0-0: Foul Ball, location: 2F
0-1: Swinging Strike
0-2: Ball
1-2: Strikes out swinging
Batting: SHB Eli Hughes 0-0: SINGLE (Line Drive, 34D, EV 97.5 MPH)
Harry Fischer to third
Lucas Sampley to second
Pitching: RHP Logan Osborne
Batting: RHB James Scarbrough 0-0: Ball
1-0: Swinging Strike
1-1: SINGLE (Groundball, 56, EV 102.5 MPH)
Harry Fischer scores
Lucas Sampley to third
Eli Hughes to second
Runner from 3rd tries for Home, SAFE, throw by LF to home
Batting: LHB Jon Dutton 0-0: Ball
1-0: Swinging Strike
1-1: Ground out 4-3 (Groundball, 4, EV 84.4 MPH)
Bottom of the 7th over - 2 runs, 3 hits, 0 errors, 2 left on base; Memphis 5 - Reno 2
TOP OF THE 8TH
Memphis Railcats batting - Pitching for Reno Railers : RHP Deshawn Gilmore
Batting: RHB Garry Akoniia 0-0: Called Strike
0-1: Called Strike
0-2: Foul Ball, location: 2F
0-2: Strikes out swinging
Batting: RHB Theodore Ross 0-0: Foul Ball, location: 2F
0-1: Foul Ball, location: 2F
0-2: Ground out 5-3 (Groundball, 56, EV 88.1 MPH)
Batting: SHB Darren Lane 0-0: Foul Ball, location: 2F
0-1: Foul Ball, location: 2F
0-2: Foul Ball, location: 2F
0-2: Foul Ball, location: 2F
0-2: Strikes out swinging
Top of the 8th over - 0 runs, 0 hits, 0 errors, 0 left on base; Memphis 5 - Reno 2
BOTTOM OF THE 8TH
Reno Railers batting - Pitching for Memphis Railcats : RHP Logan Osborne
Now at 1B: Brendon Slagle
Now at 2B: Noah Ermilio
Batting: RHB Braedon Pashikian 0-0: Fly out, F7 (Line Drive, 7, EV 95.6 MPH)
Batting: RHB Donald Stringer 0-0: SINGLE (Groundball, 4D, EV 106.9 MPH)
Batting: RHB Harry Fischer 0-0: Ball
1-0: Ball
2-0: Called Strike
2-1: Foul Ball, location: 2F
2-2: Strikes out swinging
Batting: RHB Lucas Sampley 0-0: Foul Ball, location: 2F
0-1: Ball
1-1: Swinging Strike
1-2: Strikes out swinging
Bottom of the 8th over - 0 runs, 1 hit, 0 errors, 1 left on base; Memphis 5 - Reno 2
TOP OF THE 9TH
Memphis Railcats batting - Pitching for Reno Railers : RHP Deshawn Gilmore
Batting: LHB Noah Ermilio 0-0: Ball
1-0: Swinging Strike
1-1: Ball
2-1: Called Strike
2-2: Ball
3-2: DOUBLE (Line Drive, 7LM, EV 99.4 MPH)
Batting: RHB Vinny Wetherington 0-0: Ball
1-0: Foul Ball, location: 2F
1-1: Ground out 6-3 (Groundball, 6, EV 96.9 MPH)
Batting: RHB Shane Campbell 0-0: Called Strike
0-1: Foul Ball, location: 2F
0-2: Ball
1-2: Strikes out looking
Batting: RHB Ashby Ellis 0-0: Called Strike
0-1: Called Strike
0-2: Foul Ball, location: 2F
0-2: Foul Ball, location: 2F
0-2: Ball
1-2: Ball
2-2: Strikes out swinging
Top of the 9th over - 0 runs, 1 hit, 0 errors, 1 left on base; Memphis 5 - Reno 2
BOTTOM OF THE 9TH
Reno Railers batting - Pitching for Memphis Railcats : RHP Logan Osborne
Batting: RHB Brian Lemon 0-0: Called Strike
0-1: Called Strike
0-2: SINGLE (Groundball, 56D, EV 103.8 MPH)
Batting: LHB Waylon Spada 0-0: Ball
1-0: Ball
2-0: Foul Ball, location: 2F
2-1: Fly out, F8 (Flyball, 8LM, EV 90.6 MPH)
Pitching: RHP Quintin Shaw
Batting: SHB Eli Hughes 0-0: Ball
1-0: Called Strike
1-1: SINGLE (Line Drive, 78S, EV 90.0 MPH)
Brian Lemon to second
Pinch Hitting: LHB Collin Hamilton 0-0: Called Strike
0-1: Ball
1-1: Ball
2-1: Fly out, F8 (Line Drive, 8LM, EV 88.8 MPH)
Batting: LHB Jon Dutton 0-0: Called Strike
0-1: Ball
1-1: Ball
2-1: SINGLE (Groundball, 34D, EV 96.2 MPH)
Brian Lemon to third
Eli Hughes to second
Batting: RHB Braedon Pashikian 0-0: Ball
1-0: Ball
2-0: Foul Ball, location: 2F
2-1: Ball
3-1: Fly out, F8 (Line Drive, 78D, EV 100.0 MPH)
Bottom of the 9th over - 0 runs, 3 hits, 0 errors, 3 left on base; Memphis 5 - Reno 2
Friday, May 17th , 2024 - OOTP Baseball 23.10 Build 110